 Dungeon Crawl Stone Soup version 0.31-a0-1338-gb567cfdca4 (webtiles) character file.

Game seed: 15632699751583909346

5642 avis the Nimble (level 10, 53/53 HPs)
             Began as a Felid Summoner on Dec 21, 2023.
             Got out of the dungeon alive.
             The game lasted 01:18:00 (12008 turns).

avis the Nimble (Felid Summoner)                   Turns: 12008, Time: 01:18:01

Health: 53/53      AC:  2    Str:  6    XL:     10   Next: 46%
Magic:  21/21      EV: 22    Int: 21    God:
Gold:   266        SH:  0    Dex: 17    Spells: 9/22 levels left
                                        Lives:  0   Deaths: 3

rFire   + . .        (weapon unavailable)
rCold   + . .        (shield unavailable)
rNeg    . . .        (body armour unavailable)
rPois   .            (helmet unavailable)
rElec   .            (cloak unavailable)
rCorr   .            (gloves unavailable)
SInv    +            (boots unavailable)
Will    +....        (no amulet)
Stlth   ++           r - ring of protection from fire
HPRegen 0.28/turn    e - ring of protection from cold
MPRegen 0.17/turn

%: no passive effects
@: no status effects
A: very small, claws 1, fangs 3, see invisible, shaggy fur 2, stealthy paws, no
weapons or thrown items, no armour, multi-lived
a: no special abilities


You escaped.
You visited 2 branches of the dungeon, and saw 9 of its levels.

You collected 266 gold pieces.

Inventory:

Jewellery
 a - a +4 ring of slaying
 e - a ring of protection from cold (right paw)
 r - a ring of protection from fire (left paw)
Wands
 j - a wand of flame (16)
 k - a wand of acid (7)
 q - a wand of roots (14)
 t - a wand of polymorph (9)
Scrolls
 c - a scroll of fear {unknown}
 g - 2 scrolls of immolation {unknown}
 l - a scroll of torment {unknown}
Potions
 b - 4 potions of heal wounds
 d - a potion of cancellation {unknown}
 f - a potion of haste {unknown}
 h - 2 potions of mutation
 i - a potion of attraction {unknown}
 m - a potion of ambrosia
 o - 2 potions of lignification


   Skills:
 + Level 6.1 Fighting
 + Level 8.5 Dodging
 - Level 2.6 Stealth
 + Level 6.6 Spellcasting
 - Level 5.0 Hexes
 + Level 7.8 Summonings
 - Level 7.0 Air Magic
 - Level 2.0 Evocations


You had 9 spell levels left.
You knew the following spells:

 Your Spells              Type           Power      Damage    Failure   Level
a - Summon Small Mammal   Summ           100%       N/A       1%          1
c - Call Imp              Summ           78%        N/A       1%          2
d - Call Canine Familiar  Summ           39%        N/A       1%          3
g - Summon Guardian Gole  Hex/Summ       33%        N/A       1%          3
l - Summon Lightning Spi  Summ/Air       38%        N/A       4%          4

Your spell library contained the following spells:

 Spells                   Type           Power      Damage    Failure   Level
 Swiftness                Air            36%        N/A       1%          3
 Ensorcelled Hibernation  Hex/Ice        34%        N/A       4%          2
 Dazzling Flash           Conj/Hex       34%        N/A       10%         3
 Mephitic Cloud           Conj/Alch/Air  16%        N/A       11%         3
 Passwall                 Alch/Erth      5%         N/A       14%         2
 Silence                  Hex/Air        16%        N/A       22%         5
 Ozocubu's Armour         Ice            7%         N/A       26%         3
 Metabolic Englaciation   Hex/Ice        8%         N/A       65%         5
 Agony                    Necr           7%         N/A       94%         5
 Simulacrum               Ice/Necr       3%         N/A       100%        6


Dungeon Overview and Level Annotations

Branches:
Dungeon (8/15)             Temple (1/1) D:6
   Lair: D:8-11

Altars:
Ashenzari
Cheibriados
Dithmenos
Elyvilon
Fedhas
Hepliaklqana
Kikubaaqudgha
Makhleb
Nemelex Xobeh
Okawaru
Qazlal
Ru
Sif Muna
Trog
Uskayaw
Vehumet
Wu Jian
Xom
Yredelemnul
Zin
The Shining One

Shops:
D:2 !

Annotations:
D:7 2 transporters, pokeman's ghost, novice DEHW
D:8 Grum


Innate Abilities, Weirdness & Mutations

You have sharp claws.
You have razor-sharp teeth.
You have supernaturally acute eyesight. (SInv)
You are covered in thick fur. (AC +2)
Your paws help you pounce on unaware monsters.
You are incapable of wielding weapons or throwing items.
You cannot wear armour.
You gain extra lives every three experience levels.


Message History

a - a +4 ring of slaying
Things that are here:
a +0 spear; a +0 shortbow; a centaur corpse You swap places.
Your guardian golem disappears in a puff of smoke!
Things that are here:
+0 acid dragon scales; a +0 flail
There is a stone staircase leading up, spattered with blood here.
You climb upwards.
Your summoned ally is left behind.
Level annotation: 2 transporters, pokeman's ghost, novice DEHW
There is a stone staircase leading down here.
What level of the Dungeon? (default 7, ? - help)
There is a stone staircase leading up, spattered with blood here.
You climb upwards.
There is a stone staircase leading down, spattered with blood here.
Things that are here:
a +0 robe; a +0 dagger
There is a stone staircase leading up here.
You climb upwards.
There is a stone staircase leading down here.
There is a stone staircase leading up here.
You climb upwards.
There is a stone staircase leading down here.
There is a stone staircase leading up here.
You climb upwards.
There is a stone staircase leading down here.
You see here a +0 whip.
There is a stone staircase leading up here.
You climb upwards.
There is a stone staircase leading down here.
HP restored.
There is a stone staircase leading up here.
You climb upwards.
There is a stone staircase leading down here.
There is an open door here.
There is an open door here.
There is an open door here.
There is an open door here.
There is a staircase leading out of the dungeon here.
You have escaped!

......##.##.......######## ######
#####.##.##.####### #...# #
#.##.##.# #.... #####.##.##.#
#...# ............# ##.##
#####.##.#### #.# #####.##.# #.#
......##.# ### #.# ########.#####
#@# #.# ########.....###.### #.#
..........####.'.'.# #.##
.########.####.###.####### #...
.# #.##.'#+.'#'.#...# ####
.###########.###.###.###.########
.........#.'#'.'#+.'#'.#........#
.#########.###.###.###.########.#
.......#.'#'.'#'.'#+.'#'.# #.#


There were no monsters in sight!

Vanquished Creatures
  Maggie (D:8)
  A killer bee (D:8)
2 creatures vanquished.

Vanquished Creatures (collateral kills)
  Pikel (D:6)
  Jeremiah (D:7)
  An acid dragon (D:8)
  A water moccasin (D:6)
  2 ice beasts
  A black bear (D:4)
  A wolf (D:7)
  3 centaurs
  An ogre (D:6)
  2 phantoms (D:5)
  Blork the orc (D:5)
  2 bullfrogs
  2 scorpions (D:5)
  4 wights
  8 killer bees
  A howler monkey (D:8)
  A quasit (D:6)
  An orc priest (D:6)
  2 iguanas (D:6)
  3 sleepcaps (D:6)
  Natasha (thrice) (D:2)
  5 orc wizards
  A gnoll (D:8)
  6 adders
  2 shadow imps
  6 white imps
  A bombardier beetle (D:5)
  A nameless horror (D:3)
  5 ufetubi (D:6)
  A worm (D:2)
  3 dart slugs
  19 orcs
  5 ball pythons
  2 bats
  11 endoplasms
  A giant cockroach (D:1)
  2 goblins
  5 hobgoblins
  7 jackals
  5 kobolds
  7 quokkas
  6 rats
143 creatures vanquished.

Vanquished Creatures (others)
  An ugly thing (D:8)
  Joseph (D:6)
  Edmund (D:5)
  A steam dragon (D:8)
  2 water moccasins
  A wolf (D:8)
  2 centaurs (D:6)
  A bullfrog (D:8)
  A lemure (D:6)
  A gnoll sergeant (D:8)
  2 wights
  3 killer bees
  A quasit (D:6)
  A gnoll bouda (D:8)
  2 hounds (D:6)
  8 gnolls (D:8)
  2 orcs
31 creatures vanquished.

Grand Total: 176 creatures vanquished

Notes
Turn   | Place    | Note
-------+----------+-------------------------------------------
     0 | D:1      | avis the Felid Summoner began the quest for the Orb.
     0 | D:1      | Reached XP level 1. HP: 9/9 MP: 4/4
   231 | D:1      | Reached XP level 2. HP: 13/13 MP: 3/6
   261 | D:1      | Learned a level 2 spell: Call Imp
   918 | D:1      | Reached XP level 3. HP: 16/16 MP: 0/8
   997 | D:1      | Learned a level 3 spell: Call Canine Familiar
  1601 | D:2      | Found Izxenuc's Distillery.
  1789 | D:2      | Noticed Natasha
  1799 | D:2      | Killed Natasha
  1800 | D:2      | Reached XP level 4. HP: 17/21 MP: 2/10
  1866 | D:2      | Learned a level 3 spell: Summon Guardian Golem
  2004 | D:2      | Noticed Natasha
  2014 | D:2      | Killed Natasha
  2191 | D:2      | Noticed Natasha
  2200 | D:2      | Killed Natasha
  2201 | D:2      | Reached skill level 3 in Dodging
  2201 | D:2      | Reached skill level 1 in Hexes
  2288 | D:2      | Reached XP level 5. HP: 23/25 MP: 2/11
  2470 | D:3      | Found a shadowy altar of Dithmenos.
  3152 | D:3      | Reached skill level 1 in Fighting
  4068 | D:4      | Noticed a black bear
  4078 | D:4      | Killed a black bear
  4431 | D:4      | Gained mutation: You are covered in thick fur. (AC +2)
                  | [Felid growth]
  4431 | D:4      | Reached XP level 6. HP: 23/30 MP: 10/13
  4479 | D:4      | Learned a level 4 spell: Summon Lightning Spire
  4624 | D:4      | Found a glowing golden altar of the Shining One.
  4624 | D:4      | Found a bloodstained altar of Trog.
  4631 | D:4      | Found a white marble altar of Elyvilon.
  4633 | D:4      | Found a faded altar of an unknown god.
  4635 | D:4      | Found a burning altar of Makhleb.
  5079 | D:5      | Entered Level 5 of the Dungeon
  5079 | D:5      | Noticed Edmund
  5097 | D:5      | Killed Edmund
  5098 | D:5      | Reached skill level 4 in Dodging
  5098 | D:5      | Reached skill level 5 in Summonings
  5123 | D:5      | Reached XP level 7. HP: 24/35 MP: 1/14
  5278 | D:5      | Noticed Blork the orc
  5290 | D:5      | Killed Blork the orc
  5291 | D:5      | Reached skill level 5 in Hexes
  5711 | D:5      | Reached skill level 1 in Air Magic
  6041 | D:5      | Reached skill level 5 in Dodging
  6454 | D:6      | Reached XP level 8. HP: 40/40 MP: 8/16
  6902 | D:6      | Reached skill level 5 in Spellcasting
  7210 | D:6      | Found a hazy altar of Hepliaklqana.
  7389 | D:6      | Found a staircase to the Ecumenical Temple.
  7395 | Temple   | Entered the Ecumenical Temple
  7589 | D:6      | Reached skill level 6 in Dodging
  7935 | D:7      | Noticed Joseph
  7981 | D:6      | Shot with a sling bullet by Joseph
  8014 | D:6      | HP: 1/42 [Joseph/sling bullet (19)]
  8015 | D:6      | Killed Joseph
  8016 | D:6      | Reached skill level 1 in Evocations
  8016 | D:6      | Reached XP level 9. HP: 1/46 MP: 1/18
  9838 | D:6      | Reached skill level 5 in Air Magic
 10010 | D:7      | Reached skill level 7 in Dodging
 10183 | D:6      | Reached skill level 5 in Fighting
 10396 | D:7      | Noticed Jeremiah
 10407 | D:7      | Noticed Pikel
 10420 | D:7      | HP: 2/47 [Pikel/+2 whip of freezing (1)]
 10460 | D:6      | Killed Pikel
 10588 | D:7      | Killed Jeremiah
 10650 | D:7      | Found a transporter.
 10661 | D:7      | Found a transporter.
 10662 | D:7      | Noticed pokeman's ghost (novice DEHW)
 11141 | D:8      | Reached XP level 10. HP: 19/51 MP: 16/20
 11266 | D:7      | Reached skill level 8 in Dodging
 11650 | D:8      | Noticed Grum
 11669 | D:8      | Slain by a wolf
 11678 | D:8      | Noticed a red ugly thing
 11710 | D:8      | Killed a red ugly thing
 11776 | D:8      | Noticed Maggie
 11787 | D:8      | Noticed a sixfirhy
 11801 | D:8      | Noticed a sixfirhy
 11802 | D:8      | Killed Maggie
 11803 | D:8      | HP: 1/53 [ice devil[a kobold demonologist] (9)]
 11803 | D:8      | Mangled by an ice devil
 11806 | D:8      | Found a blossoming altar of Fedhas.
 12008 | D:$      | Got out of the dungeon alive.

Illustrated notes

Levels and vault maps discovered:
D:1:      erik_arrival_triangle_large, layout_loops_ring, feat_on_display
D:2:      layout_basic, serial_shops, nicolae_diamond_shop, uniq_natasha
D:3:      kennysheep_big_flooded_room, layout_basic,
          nicolae_dithmenos_through_a_glass_darkly, serial_corexii_hall,
          chequers_hall_statues_wall_a, chequers_hall_statues_y,
          corexii_hall_statues_x, chequers_hall_statues_corner_a,
          minmay_tree_intersection
D:4:      layout_basic, chequers_temple_overflow_minitemple
D:5:      layout_loops_cross, uniq_blork_the_orc, uniq_edmund
D:6:      minmay_angry_zag, layout_rooms, nzn_hepliaklqana_mist_gate,
          minmay_temple_entry_fiery
D:7:      layout_rooms, nicolae_overflow_hidden_temple, gammafunk_ghost_hive,
          serial_demonic, serial_demonic_g, serial_demonic_a, serial_demonic_a,
          serial_demonic_b, uniq_pikel, uniq_jeremiah, uniq_joseph
D:8:      minmay_chambers_of_sixes, layout_rooms, mainiacjoe_overflow_chevrons,
          uniq_grum, uniq_maggie, uniq_psyche
Temple:   dpeg_chambers_temple

Skill      XL: |  1  2  3  4  5  6  7  8  9 10 |
---------------+-------------------------------+-----
Spellcasting   | 3 4 5 6 |  6.6
Dodging        | 3 4 5 6 7 8 |  8.5
Hexes          | 1 3 4 5 |  5.0
Fighting       | 1 2 3 4 5 6 |  6.1
Summonings     | 5 6 7 |  7.8
Air Magic      | 2 4 6 7 |  7.0
Evocations     | 1 2 |  2.0
Stealth        | |  2.6

Action                     |  1- 3 |  4- 6 |  7- 9 | 10-12 || total
---------------------------+-------+-------+-------+-------++-------
  Melee: Unarmed           |     1 |       |     3 |    14 ||    18
         Bite              |       |       |     1 |     5 ||     6
         Punch             |       |       |     1 |       ||     1
   Cast: Summon Small Mamm |    51 |     4 |    16 |     2 ||    73
         Call Imp          |     5 |     9 |    31 |     6 ||    51
         Call Canine Famil |     5 |    22 |    62 |     9 ||    98
         Summon Guardian G |       |     5 |    38 |    16 ||    59
         Summon Lightning  |       |       |     3 |     7 ||    10
  Evoke: Wand              |       |       |       |     1 ||     1
    Use: Scroll            |       |       |     9 |     1 ||    10
         Potion            |       |       |     5 |     1 ||     6
   Stab: Sleeping          |       |       |     1 |       ||     1
 Armour: Skin              |     3 |     5 |    69 |    36 ||   113
  Dodge: Dodged            |     8 |    10 |   205 |    77 ||   300

Table legend: (Time is in decaauts)
 A = Elapsed time spent in this place.
 B = Non-inter-level travel time spent in this place.
 C = Inter-level travel time spent in this place.
 D = Time resting spent in this place.
 E = Time spent auto-exploring this place.
 F = Levels seen in this place.
 G = Mean time per level.
                   A        B        C        D        E       F      G
               +--------+--------+--------+--------+--------+-----+--------+
         Total |  12043 |  11035 |   1008 |   4110 |   3842 |   9 | 1338.1 |
       Dungeon |  11905 |  10914 |    991 |   4010 |   3842 |   8 | 1488.1 |
        Temple |    137 |    120 |     17 |    100 |      0 |   1 |  137.0 |
               +--------+--------+--------+--------+--------+-----+--------+

Top non-repeatable levels by time:
     D:6: 3853 daAuts
     D:4: 1653 daAuts
     D:1: 1512 daAuts
     D:7: 1166 daAuts
     D:3: 1146 daAuts
     D:5: 1136 daAuts
     D:2: 1104 daAuts
     D:8: 332 daAuts
  Temple: 137 daAuts
